 Dungeon Crawl Stone Soup version 0.30-a0-137-gd8773701ce (webtiles) character file.

Game seed: 17712438316511304429

97 Dreamer the Grasshopper (level 5, -6/38 HPs)
             Began as a Formicid Warper on Sept 23, 2022.
             Mangled by a gnoll
             ... wielding a +0 club
              (7 damage)
             ... on level 3 of the Dungeon.
             The game lasted 00:08:15 (2869 turns).

Dreamer the Grasshopper (Formicid Warper)           Turns: 2869, Time: 00:08:16

Health: -6/38      AC: 12    Str: 15    XL:     5   Next: 0%
Magic:  8/8        EV: 11    Int: 15    God:
Gold:   71         SH:  0    Dex: 13    Spells: 8/8 levels left

rFire   . . .      SeeInvis +    g - +1 mace (protect)
rCold   . . .      Faith    .    (no shield)
rNeg    + . .      Spirit   .    q - +0 ring mail
rPois   .          Reflect  .    (helmet unavailable)
rElec   .          Harm     .    (no cloak)
rCorr   .          Rampage  .    (no gloves)
Will    .....                    (no boots)
Stlth   +.........               (no amulet)
HPRegen 0.12/turn                n - ring of positive energy
MPRegen 0.11/turn                (no ring)

@: under a protective aura
A: permanent stasis, dig shafts and tunnels, antennae 3, four strong arms
a: Dig, Shaft Self


You were on level 3 of the Dungeon.
You visited 1 branch of the dungeon, and saw 3 of its levels.

You collected 95 gold pieces.
You spent 24 gold pieces at shops.

Inventory:

Hand Weapons
 b - a +0 giant club
 g - a +1 mace of protection (weapon)
 s - a +0 club
Missiles
 c - 7 boomerangs of dispersal
 r - 39 stones (quivered)
Armour
 q - a +0 ring mail (worn)
Jewellery
 n - a ring of positive energy (left hand)
Scrolls
 d - a scroll of fear {unknown}
 e - 4 scrolls of teleportation {unknown}
 f - 2 scrolls of immolation {unknown}
 j - a scroll of amnesia {unknown}
 l - 2 scrolls of silence {unknown}
 p - a scroll of poison {unknown}
Potions
 a - a potion of brilliance {unknown}
 h - a potion of magic {unknown}
 i - a potion of might {unknown}
 k - a potion of resistance {unknown}
 m - a potion of cancellation {unknown}
 t - a potion of curing {unknown}


   Skills:
 - Level 2.1 Fighting
 * Level 3.3 Maces & Flails
 + Level 2.4 Throwing
 - Level 1.1 Armour
 - Level 1.7 Dodging
 - Level 2.1 Spellcasting
 + Level 3.4 Translocations


You had 8 spell levels left.
You didn't know any spells.
Your spell library contained the following spells:

 Spells                   Type           Power      Damage    Failure   Level
 Gell's Gravitas          Tloc           11%        N/A       32%         3
 Lesser Beckoning         Tloc           11%        N/A       32%         3
 Teleport Other           Tloc           11%        N/A       32%         3
 Manifold Assault         Tloc           11%        N/A       71%         4
 Blink                    Tloc           Unusable   N/A       N/A         2

Dungeon Overview and Level Annotations

Branches:
Dungeon (3/15)

Altars:
Sif Muna

Shops:
D:3 *


Innate Abilities, Weirdness & Mutations

You cannot be hasted, slowed, berserked, paralysed or teleported.
You can dig through walls and to a lower floor.
You have a pair of large antennae on your head. (SInv)
Your four strong arms can wield two-handed weapons with a shield.


Message History

The gnoll is heavily wounded.
The gnoll hits you with a +0 club.
You thump the gnoll!
You kill the gnoll!
You completely miss the gnoll. The gnoll closely misses you.
You closely miss the gnoll. The gnoll hits you but does no damage.
The gnoll hits you with a +0 whip!
* * * LOW HITPOINT WARNING * * *
You hit the gnoll.
The gnoll is moderately wounded.
The gnoll closely misses you.
You hit the gnoll.
The gnoll is moderately wounded.
The gnoll closely misses you.
You hit the gnoll.
The gnoll is severely wounded.
The gnoll hits you with a +0 whip.
* * * LOW HITPOINT WARNING * * *
You hit the gnoll.
The gnoll is almost dead.
The gnoll barely misses you. The gnoll hits you but does no damage.
You hit the gnoll.
You kill the gnoll!
A gnoll comes into view. It is wielding a +0 club.
You have reached level 5!
You hit the gnoll.
The gnoll is heavily wounded.
The gnoll barely misses you.
You completely miss the gnoll.
The gnoll is heavily wounded.
The gnoll hits you but does no damage.
You barely miss the gnoll.
The gnoll is heavily wounded.
The gnoll hits you with a +0 club.
* * * LOW HITPOINT WARNING * * *
Okay, then.
You hit the gnoll but do no damage.
The gnoll is moderately wounded.
The gnoll hits you with a +0 club!
You die...

#.......# #)....... $#
#.#####.###..###### .#
#.###.....#..# .#
...[#.#.#.#..###### .#
###.#.#...........# .#
# #..........####.# .#
###.#.....#.####.#.#.#
....#.#........g###g.#
###.#.......####@#.#.#
#.######### ##)##g#
#.# ### ..
#.############# .g.
#.#...........# ..g.
###.#.###########
_...# ....#.# $...#
#####.# #####.#


You could see a gnoll.

Vanquished Creatures
  3 gnolls (D:3)
  2 adders
  A dart slug (D:1)
  2 orcs (D:3)
  4 bats (D:1)
  2 endoplasms (D:2)
  6 goblins
  4 hobgoblins
  7 jackals (D:1)
  5 kobolds
  3 ball pythons
  4 frilled lizards (D:2)
  3 rats
46 creatures vanquished.

Notes
Turn   | Place    | Note
-------+----------+-------------------------------------------
     0 | D:1      | Dreamer the Formicid Warper began the quest for the Orb.
     0 | D:1      | Reached XP level 1. HP: 16/16 MP: 3/3
    34 | D:1      | Reached XP level 2. HP: 10/22 MP: 5/5
   712 | D:1      | Found a faded altar of an unknown god.
   807 | D:1      | Reached XP level 3. HP: 23/27 MP: 6/6
  1371 | D:2      | Reached XP level 4. HP: 29/33 MP: 7/7
  2511 | D:3      | Found Igibbe's General Store.
  2514 | D:3      | Bought a scroll of identify for 24 gold pieces
  2842 | D:3      | Found a shimmering blue altar of Sif Muna.
  2866 | D:3      | Reached XP level 5. HP: 6/38 MP: 8/8
  2868 | D:3      | HP: 1/38 [gnoll/+0 club (6)]
  2869 | D:3      | Mangled by a gnoll

Illustrated notes

Levels and vault maps discovered:
D:1:      lordsloth_arrival_two_stooges, layout_basic,
          shapermc_ecumenical_altar_mp_ritualfount
D:2:      layout_loops_corners, hex_large
D:3:      layout_loops_ring, lemuel_round_altar, serial_shops,
          nicolae_shop_behind_doors, minivault_26

Skill      XL: |  1  2  3  4 |
---------------+-------------+-----
Translocations | 3 |  3.4
Throwing       | 2 |  2.4
Maces & Flails | 3 |  3.3
Fighting       | |  2.1
Armour         | |  1.1
Dodging        | |  1.7
Spellcasting   | |  2.1

Action                   |  1- 3 |  4- 6 || total
-------------------------+-------+-------++-------
Melee: Mace              |   113 |    58 ||   171
  Use: Scroll            |       |     1 ||     1
Armor: Leather armour    |    50 |       ||    50
       Ring mail         |       |    22 ||    22
Dodge: Dodged            |    87 |    32 ||   119

Table legend: (Time is in decaauts)
 A = Elapsed time spent in this place.
 B = Non-inter-level travel time spent in this place.
 C = Inter-level travel time spent in this place.
 D = Time resting spent in this place.
 E = Time spent auto-exploring this place.
 F = Levels seen in this place.
 G = Mean time per level.
                   A        B        C        D        E       F      G
               +--------+--------+--------+--------+--------+-----+--------+
         Total |   2918 |   2832 |     86 |    177 |   2058 |   3 |  972.7 |
       Dungeon |   2918 |   2832 |     86 |    177 |   2058 |   3 |  972.7 |
               +--------+--------+--------+--------+--------+-----+--------+

Top non-repeatable levels by time:
     D:1: 1186 daAuts
     D:2: 1058 daAuts
     D:3: 672 daAuts
